 Dungeon Crawl Stone Soup version 0.18-a0-987-g0b0e4e7 (webtiles) character file.

77 tof the Covered (level 4, -1/35 HPs)
             Began as a Demonspawn Fighter on Jan 3, 2016.
             Slain by an adder (5 damage)
             ... on level 3 of the Dungeon.
             The game lasted 00:04:11 (1598 turns).

tof the Covered (Demonspawn Fighter)                Turns: 1598, Time: 00:04:11

Health: -1/35      AC:  0    Str: 21    XL:     4   Next: 13%
Magic:  4/4        EV: 14    Int:  9    God:
Gold:   58         SH:  0    Dex: 14    Spells: 0 memorised, 3 levels left

rFire  . . .     SeeInvis .     (weapon currently unavailable)
rCold  . . .     Gourm    .     (armour currently unavailable)
rNeg   . . .     Faith    .     (shield currently unavailable)
rPois  .         Spirit   .     (helmet currently unavailable)
rElec  .         Dismiss  .     (cloak currently unavailable)
rCorr  .         Reflect  .     (gloves currently unavailable)
SustAt .         Harm     .     (boots currently unavailable)
MR     .....                    (no amulet)
Stlth  +.........               (ring currently unavailable)
                                (ring currently unavailable)

@: mighty, lethally poisoned (-1 -> -3), pig-form (expiring), flying, very
quick, not resistant to hostile enchantments, very unstealthy
A: (antennae 0), (yellow scales 0)
a: no special abilities


You were on level 3 of the Dungeon.
You were not hungry.
You were a filthy swine.
You visited 1 branch of the dungeon, and saw 3 of its levels.

You collected 58 gold pieces.

Inventory:

Hand Weapons
 a - a +1 long sword (melded)
Armour
 b - a +1 scale mail (melded)
 c - a +0 shield (melded)
Scrolls
 j - 3 scrolls of identify {unknown}
 m - a scroll of remove curse {unknown}
 o - 2 scrolls of noise {unknown}
Potions
 d - a potion of might
 k - a potion of curing {unknown}
 l - 2 potions of degeneration {unknown}
 n - a potion of cure mutation {unknown}
Comestibles
 f - a bread ration
 g - 7 chunks of flesh
 p - 4 fruits


   Skills:
 + Level 3.2 Fighting
 + Level 2.0 Long Blades
 + Level 3.4 Armour
 + Level 1.6 Dodging
 + Level 0.2 Stealth
 + Level 3.0 Shields


You had 3 spell levels left.
You didn't know any spells.

Dungeon Overview and Level Annotations

Branches:
Dungeon (3/15)

Altars:

Annotations:
D:3 Robin


Innate Abilities, Weirdness & Mutations

((You have a pair of small antennae on your head.))
((You are mostly covered in yellow scales (AC +3).))


Message History

[Y]es or [N]o only, please.
Really attack barehanded? [Y]es or [N]o only, please.
Really attack barehanded? [Y]es or [N]o only, please.
Really attack barehanded? [Y]es or [N]o only, please.
Really attack barehanded? [Y]es or [N]o only, please.
Really attack barehanded? [Y]es or [N]o only, please.
Really attack barehanded? [Y]es or [N]o only, please.
Really attack barehanded? [Y]es or [N]o only, please.
Really attack barehanded?
You bite Robin!
Robin is heavily wounded.
The goblin closely misses you. The adder bites you.
You die...

#.# #.# ###.## ....
... #.#
#.##########
..##.###gg.........
..(....Shg........#
..##.######...###.
#...# #...# #...#
#...# #...# #...#
#...#


You could see Robin, an adder and 2 goblins.

Vanquished Creatures
  Jessica (D:2)
  An adder (D:3)
  A giant gecko (D:2)
  A ball python (D:1)
  2 bats (D:1)
  4 giant cockroaches
  8 goblins
  6 hobgoblins
  5 kobolds
  3 giant newts
  6 rats
38 creatures vanquished.

Notes
Turn   | Place    | Note
--------------------------------------------------------------
     0 | D:1      | tof the Demonspawn Fighter began the quest for the Orb.
     0 | D:1      | Reached XP level 1. HP: 18/18 MP: 1/1
   302 | D:1      | Gained mutation: You have a pair of small antennae on your head. [demonic ancestry]
   302 | D:1      | Reached XP level 2. HP: 24/24 MP: 2/2
   921 | D:2      | Reached skill level 1 in Dodging
   939 | D:2      | Noticed Jessica
   944 | D:2      | Killed Jessica
   944 | D:2      | Gained mutation: You are partially covered in yellow scales (AC +2). [demonic ancestry]
   944 | D:2      | Reached XP level 3. HP: 26/29 MP: 3/3
  1095 | D:2      | Noticed Robin
  1417 | D:3      | Gained mutation: You are mostly covered in yellow scales (AC +3). [demonic ancestry]
  1417 | D:3      | Reached XP level 4. HP: 27/35 MP: 4/4
  1598 | D:3      | Slain by an adder

Vault maps used:
D:1:      evilmike_arrival_rings, minmay_liquid_box
D:2:      first_bread, serial_corexii_hall, corexii_hall_statues_i,
          corexii_hall_statues_t, item_on_display_a, uniq_robin, uniq_jessica,
          uniq_terence
D:3:      marbit_many_paths

Action                   |  1- 3 |  4- 6 || total
-------------------------+-------+-------++-------
Melee: Long sword        |   138 |    10 ||   148
       Unarmed           |       |     1 ||     1
  Use: Scroll            |     3 |       ||     3
       Potion            |       |     2 ||     2
  Eat: Chunk             |     2 |     1 ||     3
